 Dungeon Crawl Stone Soup version 0.29.0-11-gd7f09526c8 (webtiles) character file.

Game seed: 16284690246220528097

3554 SensoryNuts the Carver (level 9, -2/70 HPs)
             Began as a Demonspawn Fighter on Sept 3, 2022.
             Slain by a killer bee (3 damage)
             ... on level 7 of the Dungeon.
             The game lasted 00:08:36 (8297 turns).

SensoryNuts the Carver (Demonspawn Fighter)         Turns: 8297, Time: 00:08:38

Health: -2/70      AC: 16    Str: 17    XL:     9   Next: 83%
Magic:  9/9        EV: 10    Int: 10    God:
Gold:   1098       SH:  0    Dex: 16    Spells: 8/8 levels left

rFire   x x .      SeeInvis .   a - +1 long sword
rCold   x x .      Faith    .   c - +1 buckler
rNeg    . . .      Spirit   .   b - +0 scale mail
rPois   +          Reflect  .   (helmet restricted)
rElec   .          Harm     .   (no cloak)
rCorr   .          Rampage  .   (no gloves)
Will    .....                   (no boots)
Stlth   ..........              o - amulet of Elemental Vulnerability {rPois rF-- rC-- AC+8}
HPRegen 0.21/turn               j - ring of flight
MPRegen 0.11/turn               (no ring)

@: confused, lethally poisoned (-2 -> -18), ambrosia-drunk, flying
A: antennae 1, rugged brown scales 1, powered by pain 1, condensation shield
a: no special abilities


You were on level 7 of the Dungeon.
You visited 2 branches of the dungeon, and saw 8 of its levels.

You collected 1098 gold pieces.

Inventory:

Hand Weapons
 a - a +1 long sword (weapon)
Missiles
 t - a throwing net (quivered)
Armour
 b - a +0 scale mail (worn)
 c - a +1 buckler (worn)
Jewellery
 j - a ring of flight (left hand)
 n - a +6 ring of dexterity
 o - the amulet of Elemental Vulnerability (around neck) {rPois rF-- rC-- AC+8}
   (You found it on level 2 of the Dungeon)

   [amulet of nothing]

   AC:        It affects your AC (+8).
   rF:        It makes you very vulnerable to fire.
   rC:        It makes you very vulnerable to cold.
   rPois:     It protects you from poison.
Wands
 k - a wand of digging (5)
 v - a wand of flame (7)
 w - a wand of light (3)
Scrolls
 e - 2 scrolls of fog {unknown}
 h - 3 scrolls of immolation
 m - 3 scrolls of magic mapping
 s - 2 scrolls of identify
 u - 2 scrolls of teleportation
Potions
 f - 2 potions of attraction
 g - a potion of brilliance
 i - 2 potions of mutation {unknown}
 l - a potion of curing
 p - 2 potions of degeneration


   Skills:
 + Level 5.0 Fighting
 * Level 9.9 Long Blades
 + Level 5.3 Armour
 + Level 2.9 Dodging
 + Level 3.2 Stealth
 + Level 4.6 Shields
 + Level 0.9 Evocations


You had 8 spell levels left.
You didn't know any spells.
Your spell library contained the following spells:

 Spells                   Type           Power      Damage    Failure   Level
 Sandblast                Erth           0%         2d4       83%         1
 Blink                    Tloc           0%         N/A       93%         2
 Passwall                 Tmut/Erth      0%         N/A       93%         2
 Lesser Beckoning         Tloc           0%         N/A       99%         3
 Stone Arrow              Conj/Erth      0%         3d7       99%         3
 Manifold Assault         Tloc           0%         N/A       100%        5


Dungeon Overview and Level Annotations

Branches:
Dungeon (7/15)             Temple (1/1) D:5

Altars:
Ashenzari
Cheibriados
Dithmenos
Gozag
Hepliaklqana
Makhleb
Nemelex Xobeh
Qazlal
Ru
Sif Muna
Trog
Uskayaw
Vehumet
Wu Jian
Xom

Shops:
D:7 (

Annotations:
D:2 1 runed translucent door, Crazy Yiuf


Innate Abilities, Weirdness & Mutations

You have a pair of small antennae on your head.
You are partially covered in rugged brown scales. (AC +1, +3% HP)
You sometimes gain a little power by taking damage.
A meltable shield of frost defends you. (SH +4)


Message History

Unknown command.
You are confused.
You feel invigorated.
You feel sick. The killer bee completely misses you. The killer bee stings you.
* * * LOW HITPOINT WARNING * * *
The killer bee misses you.
The killer bee stings you but does no damage.
The killer bee closely misses you. The killer bee misses you.
The killer bee stings you but does no damage.
The killer bee stings you.
* * * LOW HITPOINT WARNING * * *
You feel sick. The killer bee closely misses you.
The killer bee stings you but does no damage. x3
The killer bee stings you.
* * * LOW HITPOINT WARNING * * *
Unknown command.
The killer bee attacks as you move away!
The killer bee stings you but does no damage.
You feel sick. The killer bee stings you.
* * * LOW HITPOINT WARNING * * *
The killer bee misses you.
The killer bee stings you but does no damage.
The killer bee misses you. The killer bee stings you.
* * * LOW HITPOINT WARNING * * *
You are lethally poisoned!
The killer bee poisons you!
You're too confused to move!
You feel very sick.
The killer bee stings you but does no damage.
The killer bee stings you.
* * * LOW HITPOINT WARNING * * *
The killer bee stings you.
* * * LOW HITPOINT WARNING * * *
The killer bee barely misses you. The killer bee stings you.
* * * LOW HITPOINT WARNING * * *
You are more poisoned.
The killer bee poisons you!
The killer bee stings you but does no damage.
The killer bee stings you.
You die...

# ...... ..
##........ .....#.
#.....#..###.......
......##..##......
#........#......###
##.............!...#
# #..........#.....#
###.........##.y@.#
..##.........#.yyy#
..#.....##.#..$..##
..#..#.#...#..#....#
......##....#.##..##
##..^.............#
###...............#
##........###..##
.......... .....


You could see 4 killer bees.

Vanquished Creatures
  The ghost of LustLizard the Firebug, a novice HOFE (D:5)
  The ghost of SensoryNuts the Carver, a novice MiFi (D:6)
  A gargoyle (D:6)
  The ghost of robertstho the Ruffian, a novice VSBe of Trog (D:5)
  4 yaks (D:5)
  A steam dragon (D:7)
  A water moccasin (D:6)
  A black bear (D:6)
  A centaur (D:4)
  A phantom (D:6)
  Blork the orc (D:4)
  3 necrophages
  A bullfrog (D:6)
  4 scorpions
  3 wights (D:6)
  A killer bee (D:7)
  A hound (D:6)
  2 jellies
  2 orc priests
  Jessica (D:2)
  Terence (D:2)
  2 orc wizards (D:7)
  10 adders
  3 shadow imps
  2 white imps
  A worm (D:2)
  6 dart slugs
  19 orcs
  9 ball pythons
  4 endoplasms
  3 giant cockroaches
  9 goblins
  6 hobgoblins
  8 jackals (D:1)
  6 bats
  2 frilled lizards
  6 kobolds
  5 rats
134 creatures vanquished.

Vanquished Creatures (others)
  6 withered plants (D:5)
6 creatures vanquished.

Grand Total: 140 creatures vanquished

Notes
Turn   | Place    | Note
-------+----------+-------------------------------------------
     0 | D:1      | SensoryNuts the Demonspawn Fighter began the quest for the
                  | Orb.
     0 | D:1      | Reached XP level 1. HP: 18/18 MP: 1/1
    25 | D:1      | Reached skill level 2 in Long Blades
   240 | D:1      | Gained mutation: You are partially covered in rugged brown
                  | scales. (AC +1, +3% HP) [demonic ancestry]
   240 | D:1      | Reached XP level 2. HP: 17/24 MP: 2/2
   873 | D:1      | Found a faded altar of an unknown god.
   878 | D:1      | Gained mutation: You sometimes gain a little power by
                  | taking damage. [demonic ancestry]
   878 | D:1      | Reached XP level 3. HP: 26/29 MP: 3/3
  1289 | D:2      | Noticed Terence
  1307 | D:2      | Killed Terence
  1308 | D:2      | Reached skill level 3 in Long Blades
  1570 | D:2      | Found a runed translucent door.
  1571 | D:2      | Noticed Crazy Yiuf
  1657 | D:2      | Reached XP level 4. HP: 21/36 MP: 4/4
  1809 | D:2      | Found the amulet of Elemental Vulnerability {rPois rF--
                  | rC-- AC+8}
  1919 | D:2      | Noticed Jessica
  1923 | D:2      | Killed Jessica
  2779 | D:3      | Gained mutation: You have a pair of small antennae on your
                  | head. [demonic ancestry]
  2779 | D:3      | Reached XP level 5. HP: 42/42 MP: 5/5
  3256 | D:4      | Reached skill level 4 in Long Blades
  3704 | D:4      | Noticed Blork the orc
  3719 | D:4      | Killed Blork the orc
  3720 | D:4      | Reached skill level 1 in Stealth
  3720 | D:4      | Reached XP level 6. HP: 10/48 MP: 6/6
  4436 | D:4      | Reached skill level 5 in Long Blades
  4436 | D:4      | Reached skill level 1 in Dodging
  4698 | D:4      | Found a shimmering altar of Xom.
  4732 | D:4      | Found a sacrificial altar of Ru.
  4960 | D:5      | Entered Level 5 of the Dungeon
  4972 | D:5      | Found a staircase to the Ecumenical Temple.
  4992 | D:5      | Gained mutation: A meltable shield of frost defends you.
                  | (SH +4) [demonic ancestry]
  4992 | D:5      | Reached XP level 7. HP: 39/54 MP: 7/7
  4997 | Temple   | Entered the Ecumenical Temple
  5327 | D:5      | Found a runed translucent gate.
  5328 | D:5      | Found a runed translucent gate.
  5329 | D:5      | Found a runed translucent gate.
  5341 | D:5      | Noticed robertstho's ghost (novice VSBe)
  5341 | D:5      | Noticed LustLizard's ghost (novice HOFE)
  5392 | D:5      | Noticed a yak
  5392 | D:5      | Noticed a yak
  5392 | D:5      | Noticed a yak
  5392 | D:5      | Noticed a yak
  5420 | D:5      | Killed a yak
  5421 | D:5      | Reached skill level 6 in Long Blades
  5424 | D:5      | Killed a yak
  5425 | D:5      | Killed a yak
  5427 | D:5      | Killed a yak
  5428 | D:5      | Reached skill level 7 in Long Blades
  5428 | D:5      | Reached XP level 8. HP: 48/61 MP: 8/8
  5792 | D:5      | Killed robertstho's ghost
  5838 | D:5      | Killed LustLizard's ghost
  5839 | D:5      | Reached skill level 8 in Long Blades
  6148 | D:6      | Noticed a gargoyle
  6157 | D:6      | Killed a gargoyle
  6158 | D:6      | Reached XP level 9. HP: 17/67 MP: 9/9
  6409 | D:6      | Reached skill level 5 in Armour
  6490 | D:6      | Found a runed translucent gate.
  6490 | D:6      | Found a runed translucent gate.
  6490 | D:6      | Found a runed translucent gate.
  6490 | D:6      | Noticed SensoryNuts's ghost (novice MiFi)
  6953 | D:6      | Found a broken altar of Ashenzari.
  7203 | D:6      | Identified a scroll of acquirement
  7203 | D:6      | Acquired 716 gold pieces
  7246 | D:6      | Killed SensoryNuts's ghost
  7247 | D:6      | Reached skill level 9 in Long Blades
  7554 | D:7      | Found Qeneihes's Weapon Boutique.
  7811 | D:7      | Reached skill level 5 in Fighting
  8297 | D:7      | HP: 1/70 [killer bee (3)]
  8297 | D:7      | Slain by a killer bee

Illustrated notes

Levels and vault maps discovered:
D:1:      nzn_arrival_depleted_hourglass, layout_basic, basic_ecumenical_altar
D:2:      layout_rooms, basic_altar, amcnicky_mini_pool_small, uniq_jessica,
          uniq_crazy_yiuf_cottage, uniq_terence
D:3:      layout_loops_ring
D:4:      layout_loops_corners, kennysheep_mini, general_overflow_altar,
          grunt_ministairs_5, serial_bayou_crossing, uniq_blork_the_orc
D:5:      layout_gridville, minmay_temple_entry_proselytizer,
          gammafunk_ghost_cemetery
D:6:      layout_layer_cave, nicolae_ashenzari_skybound, gammafunk_ghost_split
D:7:      layout_cave_pools, serial_shops, shop
Temple:   hellmonk_temple_of_storms

Skill      XL: |  1  2  3  4  5  6  7  8  9 |
---------------+----------------------------+-----
Long Blades    | 2 3 4 5 7 8 9 |  9.9
Armour         | 3 4 5 |  5.3
Shields        | 3 4 |  4.6
Stealth        | 1 2 3 |  3.2
Dodging        | 1 2 |  2.9
Fighting       | 4 5 |  5.0
Evocations     | |  0.9

Action                   |  1- 3 |  4- 6 |  7- 9 || total
-------------------------+-------+-------+-------++-------
Melee: Long sword        |   134 |   178 |   286 ||   598
Evoke: Wand              |       |       |     4 ||     4
  Use: Potion            |     1 |     1 |    11 ||    13
       Scroll            |       |    12 |     9 ||    21
 Stab: Invisible         |       |       |     4 ||     4
Armor: Scale mail        |    77 |   104 |   192 ||   373
Dodge: Dodged            |    63 |    81 |   163 ||   307
Block: Buckler           |    29 |    50 |   158 ||   237
